 Dungeon Crawl Stone Soup version 0.30.0-15-g856e2d3f33 (webtiles) character file.

Game seed: 1015075335741196990

15403 AlmostDecent the Brawler (level 12, -2/166 HPs)
             Began as a Troll Berserker on May 19, 2023.
             Was a High Priest of Trog.
             Slain by a slime creature (7 damage)
             ... on level 11 of the Dungeon.
             The game lasted 00:35:45 (9260 turns).

AlmostDecent the Brawler (Troll Berserker)          Turns: 9260, Time: 00:35:46

Health: -2/166     AC:  6    Str: 28    XL:     12   Next: 0%
Magic:  11/11      EV: 11    Int:  3    God:    Trog [*****.]
Gold:   501        SH:  0    Dex: 13    Spells: 11/11 levels left

rFire   . .          .
                       - Unarmed
rCold   + . .        (no shield)
rNeg    . . .        N - +0 troll leather armour
rPois   .            (helmet restricted)
rElec   .            (no cloak)
rCorr   .            (gloves unavailable)
SInv    .            (boots unavailable)
Will    ++...        (no amulet) Stlth
                     k - ring of protection from cold
HPRegen 3.07/turn    o - ring of flight
MPRegen 0.12/turn

%: no passive effects
@: berserking, strong-willed, flying, regenerating, very quick
A: large, unfitting armour, claws 3, regeneration 1, shaggy fur 1, tough skin 1
a: Renounce Religion, Berserk, Trog's Hand, Brothers in Arms


You were on level 11 of the Dungeon.
You worshipped Trog.
Trog was extremely pleased with you.
You visited 1 branch of the dungeon, and saw 11 of its levels.
You also visited: Bailey.

You collected 557 gold pieces.
You spent 56 gold pieces at shops.

Inventory:

Hand Weapons
 a - a +0 antimagic spear
 B - the +1 short sword of Pion {spect, Fly rPois rC++ MP+9}
   (You found it on level 6 of the Dungeon)

   rC:        It greatly protects you from cold.
   rPois:     It protects you from poison.
   MP:        It affects your magic capacity (+9).
   Fly:       It grants you flight.
 E - the +0 whip of Qiclafe {flame, rPois}
   (You took it off an orc on level 9 of the Dungeon)

   rPois:     It protects you from poison.
Missiles
 x - 7 throwing nets (quivered)
Armour
 w - a +2 robe of fire resistance
 J - +0 acid dragon scales
 N - a +0 troll leather armour (worn)
Jewellery
 i - a +4 ring of protection
 k - a ring of protection from cold (left claw)
 o - a ring of flight (right claw)
 C - a ring of see invisible
 F - the ring of Salvation {Ice Int+6}
   (You found it in a bailey)

   [ring of ice]

   It enhances your ice magic.
   Int:       It affects your intelligence (+6).
   rF:        It makes you vulnerable to fire.
   rC:        It protects you from cold.
 L - a ring of magical power
Wands
 d - a wand of iceblast (12)
 j - a wand of mindburst (22)
 n - a wand of polymorph (17)
 p - a wand of paralysis (8)
 P - a wand of acid (3)
Scrolls
 c - a scroll of brand weapon
 e - 4 scrolls of enchant armour
 q - 2 scrolls of teleportation
 v - a scroll of poison
 y - a scroll of blinking
 A - 3 scrolls of fear
 G - 2 scrolls of magic mapping
 I - 7 scrolls of immolation
 K - 3 scrolls of enchant weapon
 M - a scroll of fog
 O - a scroll of identify
Potions
 b - 2 potions of might
 f - 3 potions of resistance
 g - 10 potions of curing
 h - 2 potions of mutation {unknown}
 l - a potion of haste {unknown}
 m - 2 potions of attraction {unknown}
 r - 5 potions of ambrosia
 s - a potion of magic
 t - 2 potions of heal wounds
 u - a potion of lignification {unknown}
 z - 2 potions of invisibility
 H - a potion of cancellation {unknown}
Miscellaneous
 D - a condenser vane


   Skills:
 * Level 5.4 Fighting
 + Level 3.2 Armour
 + Level 6.1 Dodging
 + Level 2.2 Stealth
 + Level 16.5 Unarmed Combat


You had 11 spell levels left.
You didn't know any spells.
Your spell library was empty.

Dungeon Overview and Level Annotations

Branches:
Dungeon (11/15)            Temple (0/1) D:6            Lair (0/5) D:9
    Orc (0/2) D:10         Bailey (visited)

Altars:
Cheibriados
Fedhas
Kikubaaqudgha
Nemelex Xobeh
Okawaru
Qazlal
Ru
Sif Muna
Trog
Vehumet
Wu Jian
Xom
Zin

Shops:
D:5 *   D:7 !

Annotations:
D:3 1 runed translucent door, Crazy Yiuf
D:10 1 runed translucent door, BlasphemerAmon's ghost, novice GnFi


Innate Abilities, Weirdness & Mutations

You are too large for most types of armour.
You have claws for hands.
Your natural rate of healing is unusually fast.
You are covered in fur. (AC +1)
You have tough skin. (AC +1)


Message History

You mangle the large slime creature!!
You kill the large slime creature!
Trog accepts your kill. The slime creature hits you!
* * * LOW HITPOINT WARNING * * *
The slime creature completely misses you.
You eviscerate the ice dragon!!! You claw the ice dragon!
The ice dragon is heavily wounded.
You mangle the ice dragon!!
The ice dragon is almost dead.
The slime creature misses you. The ice dragon breathes frost at you.
The blast of cold misses you. The slime creature hits you!
* * * LOW HITPOINT WARNING * * *
You closely miss the ice dragon.
The ice dragon is almost dead.
You are engulfed in freezing vapours.
You resist.
* * * LOW HITPOINT WARNING * * *
You mangle the ice dragon!!
You kill the ice dragon!
Trog accepts your kill.
You hear a splash.
You are engulfed in freezing vapours.
You resist.
* * * LOW HITPOINT WARNING * * *
The slime creature hits you but does no damage.
The slime creature closely misses you.
You have reached level 12!
You feel stronger.
You claw the slime creature!
The slime creature is lightly wounded.
You are engulfed in freezing vapours.
You resist.
* * * LOW HITPOINT WARNING * * *
You claw the slime creature!
The slime creature is moderately wounded.
You are engulfed in freezing vapours.
You resist.
* * * LOW HITPOINT WARNING * * *
The slime creature hits you!
* * * LOW HITPOINT WARNING * * *
The slime creature hits you!
You die...

##≈≈≈≈## #
#≈≈≈≈≈# #
#≈≈≈≈≈#
##≈≈≈≈##
#≈≈≈≈≈# ≈
#≈≈≈≈≈## ≈≈≈
#~≈≈≈≈≈# #≈≈≈≈
#.~≈≈≈≈##≈≈≈≈≈#
##~°°°°@≈≈≈≈≈≈#
#≈≈≈≈≈JJ≈≈≈≈##
##≈≈≈≈≈≈≈≈≈##
###≈≈≈≈####
######


You could see 2 slime creatures.

Vanquished Creatures
  An ice dragon (D:11)
  Harold (D:9)
  A catoblepas (D:11)
  2 two-headed ogres
  Pikel (D:6)
  An ice statue (D:11)
  A gargoyle (D:11)
  An unseen horror (D:11)
  2 trolls
  Sigmund (D:6)
  3 slime creatures (D:11)
  A water elemental (D:11)
  12 yaks
  A wyvern (D:7)
  Eustachio (D:6)
  3 vampire mosquitoes (D:11)
  A steam dragon (D:9)
  4 acid dragons
  Duvessa (D:5)
  2 water moccasins
  16 orc warriors
  A sky beast (D:6)
  A black bear (D:9)
  11 ice beasts (D:11)
  3 ogres
  2 centaurs
  A lemure (D:6)
  5 bullfrogs
  7 kobold brigands
  2 gnoll sergeants
  7 wights
  Dowan (D:5)
  8 killer bees
  6 electric eels (D:11)
  3 howler monkeys (D:7)
  3 hounds
  14 orc priests
  A gnoll bouda (D:5)
  2 jellies (D:6)
  2 sleepcaps (D:7)
  4 iguanas
  Natasha (twice) (D:2)
  15 orc wizards
  17 gnolls
  6 adders
  A shadow imp (D:7)
  An ufetubus (D:7)
  2 worms
  3 dart slugs
  43 orcs
  10 endoplasms
  A giant cockroach (D:6)
  6 goblins
  10 hobgoblins
  5 jackals
  2 quokkas
  5 ball pythons
  4 bats
  4 frilled lizards (D:1)
  46 kobolds
  7 rats
331 creatures vanquished.

Vanquished Creatures (collateral kills)
  3 orcs (D:8)
  3 kobolds (D:8)
6 creatures vanquished.

Grand Total: 337 creatures vanquished

Notes
Turn   | Place    | Note
-------+----------+-------------------------------------------
     0 | D:1      | AlmostDecent the Troll Berserker began the quest for the
                  | Orb.
     0 | D:1      | Reached XP level 1. HP: 22/22 MP: 0/0
   138 | D:1      | Reached XP level 2. HP: 29/29 MP: 1/1
   778 | D:2      | Reached XP level 3. HP: 33/36 MP: 2/2
   781 | D:2      | Reached ** piety under Trog
   912 | D:2      | Noticed Natasha
   923 | D:2      | Killed Natasha
   924 | D:2      | Reached skill level 4 in Unarmed Combat
   990 | D:2      | Noticed Natasha
   996 | D:2      | Killed Natasha
   997 | D:2      | Reached XP level 4. HP: 44/44 MP: 3/3
  1610 | D:3      | Found a snail-covered altar of Cheibriados.
  1671 | D:3      | Found a runed translucent door.
  1672 | D:3      | Noticed Crazy Yiuf
  1723 | D:3      | Reached XP level 5. HP: 29/52 MP: 4/4
  1730 | D:3      | Reached skill level 5 in Unarmed Combat
  1990 | D:3      | Found a glowing silver altar of Zin.
  2459 | D:4      | Noticed an ogre
  2463 | D:4      | Killed an ogre
  2464 | D:4      | Reached skill level 6 in Unarmed Combat
  2464 | D:4      | Reached XP level 6. HP: 61/61 MP: 5/5
  2695 | D:5      | Entered Level 5 of the Dungeon
  2695 | D:5      | Noticed a water moccasin
  2700 | D:5      | Killed a water moccasin
  2793 | D:5      | Reached *** piety under Trog
  2807 | D:5      | Reached XP level 7. HP: 57/67 MP: 6/6
  2809 | D:5      | Reached skill level 7 in Unarmed Combat
  2994 | D:5      | Found Melemeom's Assorted Antiques.
  3059 | D:5      | Bought a scroll labelled VIRUWIQ URAPS for 28 gold pieces
  3059 | D:5      | Bought a scroll labelled QAODGHU CAYWN for 28 gold pieces
  3313 | D:5      | Reached skill level 8 in Unarmed Combat
  3411 | D:5      | Found a stormy altar of Qazlal.
  3453 | D:5      | Noticed Duvessa
  3454 | D:5      | Noticed Dowan
  3462 | D:5      | Killed Duvessa
  3463 | D:5      | Reached XP level 8. HP: 75/75 MP: 7/7
  3468 | D:5      | Killed Dowan
  3469 | D:5      | Found a sparkling altar of Nemelex Xobeh.
  3626 | D:6      | Noticed Sigmund
  3635 | D:6      | Killed Sigmund
  3636 | D:6      | Reached skill level 9 in Unarmed Combat
  3642 | D:6      | Found a sacrificial altar of Ru.
  3758 | D:6      | Identified the +1 short sword of Pion {spect, Fly rPois
                  | rC++ MP+9}
  3806 | D:6      | Noticed Pikel
  3810 | D:6      | Killed Pikel
  3811 | D:6      | Reached skill level 1 in Stealth
  3811 | D:6      | Reached skill level 10 in Unarmed Combat
  3836 | D:6      | Noticed Eustachio
  3853 | D:6      | Killed Eustachio
  3854 | D:6      | Reached XP level 9. HP: 83/83 MP: 8/8
  3894 | D:6      | Reached skill level 11 in Unarmed Combat
  3895 | D:6      | Found a staircase to the Ecumenical Temple.
  3963 | D:6      | Reached **** piety under Trog
  4256 | D:7      | Found an ornate altar of the Wu Jian Council.
  4439 | D:7      | Found Haneaps's Distillery.
  4516 | D:7      | Found a flagged portal.
  4534 | Bailey   | Entered a bailey
  4647 | Bailey   | Reached skill level 12 in Unarmed Combat
  4790 | Bailey   | Identified the ring of Salvation {Ice Int+6}
  5130 | D:7      | Reached skill level 13 in Unarmed Combat
  5176 | D:7      | Found a shimmering blue altar of Sif Muna.
  5176 | D:7      | Found a radiant altar of Vehumet.
  5393 | D:8      | Reached XP level 10. HP: 83/92 MP: 9/9
  5577 | D:8      | Found a blossoming altar of Fedhas.
  5692 | D:8      | Reached ***** piety under Trog
  5858 | D:8      | Found an ancient bone altar of Kikubaaqudgha.
  5897 | D:8      | Found a bloodstained altar of Trog.
  6197 | D:9      | Reached skill level 5 in Dodging
  6259 | D:9      | Found a shimmering altar of Xom.
  6269 | D:9      | Reached skill level 14 in Unarmed Combat
  6406 | D:9      | Noticed Harold
  6419 | D:9      | Killed Harold
  6449 | D:9      | Found a staircase to the Lair.
  6633 | D:9      | Identified the +0 whip of Qiclafe {flame, rPois}
  6721 | D:9      | Reached skill level 15 in Unarmed Combat
  7073 | D:10     | Entered Level 10 of the Dungeon
  7323 | D:10     | Reached XP level 11. HP: 100/100 MP: 10/10
  7481 | D:10     | Found a staircase to the Orcish Mines.
  7526 | D:10     | Found an iron altar of Okawaru.
  7526 | D:10     | Noticed a two-headed ogre
  7532 | D:10     | Killed a two-headed ogre
  7842 | D:10     | Received a gift from Trog
  7916 | D:10     | Reached skill level 1 in Armour
  8119 | D:10     | Found a runed translucent door.
  8119 | D:10     | Noticed BlasphemerAmon's ghost (novice GnFi)
  8145 | D:11     | Noticed a two-headed ogre
  8157 | D:11     | Killed a two-headed ogre
  8168 | D:11     | Noticed a catoblepas
  8258 | D:11     | Killed a catoblepas
  8389 | D:11     | Reached skill level 16 in Unarmed Combat
  8528 | D:11     | Reached skill level 5 in Fighting
  9244 | D:11     | Noticed an ice dragon
  9258 | D:11     | Killed an ice dragon
  9259 | D:11     | Reached XP level 12. HP: 28/111 MP: 11/11
  9260 | D:11     | HP: 5/166 [slime creature (13)]
  9260 | D:11     | Slain by a slime creature

Illustrated notes

Levels and vault maps discovered:
D:1:      psy_arrival_spokes, layout_basic
D:2:      wander_river, layout_rooms, serial_rivers,
          chequers_serial_rivers_small_3, chequers_serial_rivers_micro_c,
          chequers_serial_rivers_small_3, chequers_serial_rivers_marsh,
          chequers_serial_rivers_small_a, chequers_serial_rivers_large_b,
          uniq_natasha
D:3:      minmay_spotlight, layout_loops_ring, zin_treasury,
          kennysheep_slug_shrine, uniq_crazy_yiuf_cottage
D:4:      layout_cave_pools, serial_park, serial_park_square2,
          serial_park_square1 [serial_park_minivault_5x5_5],
          serial_park_tiny_pond
D:5:      layout_loops_ring, nicolae_qazlal_eye_of_the_storm,
          nemelex_dance_club_becter, serial_shops,
          nicolae_shop_temple_entry_statues_fountains, uniq_duvessa
D:6:      layout_gridville, nicolae_ru_great_annihilating_truth,
          minmay_temple_entry_junction, uniq_sigmund, uniq_eustachio, uniq_pikel
D:7:      layout_loops_cross, nicolae_wu_jian_wuxing_cycle,
          amethyst_overflow_temple_binary, serial_shops,
          nicolae_shop_back_alley_shop, enter_bailey_2, dk_noncrumbling_3
D:8:      layout_cave_pods, grunt_temple_overflow_open, kennysheep_small_circle
D:9:      layout_basic, lemuel_round_altar, grunt_lair_entry_orc_guard_hut,
          uniq_harold
D:10:     layout_loops_corners, okawaru_gym_becter, orc_0_dummy,
          ebering_ghost_reflecting_pool
D:11:     minmay_twisted_water, layout_basic

Skill      XL: |  1  2  3  4  5  6  7  8  9 10 11 |
---------------+----------------------------------+-----
Unarmed Combat | 4 6 8 10 13 15 16 | 16.5
Dodging        | 3 4 5 6 |  6.1
Fighting       | 3 4 5 |  5.4
Stealth        | 1 2 |  2.2
Armour         | 3 |  3.2

Action                     |  1- 3 |  4- 6 |  7- 9 | 10-12 || total
---------------------------+-------+-------+-------+-------++-------
  Melee: Unarmed           |    74 |   113 |   218 |   465 ||   870
         Punch             |     2 |     2 |     7 |    30 ||    41
 Invoke: Berserk           |       |     2 |     5 |    10 ||    17
         Trog's Hand       |       |     1 |     1 |     1 ||     3
         Brothers in Arms  |       |       |       |     1 ||     1
    Use: Scroll            |       |       |    18 |     7 ||    25
         Potion            |       |       |     2 |     3 ||     5
   Stab: Sleeping          |       |     1 |     3 |     1 ||     5
         Paralysed         |       |       |     1 |       ||     1
         Petrified         |       |       |       |     2 ||     2
 Armour: Animal skin       |    22 |    17 |       |       ||    39
         Robe              |       |    21 |    69 |    44 ||   134
         Acid dragon scale |       |       |       |    40 ||    40
         Troll leather arm |       |       |       |    20 ||    20
  Dodge: Dodged            |    31 |    61 |   126 |   193 ||   411
